 Dungeon Crawl Stone Soup version 0.29-a0-866-g0545e20025 (webtiles) character file.

Game seed: 4333919175998550735

398 Malachi the Digger (level 6, -3/44 HPs)
             Began as a Gnoll Earth Elementalist on July 17, 2022.
             Was an Initiate of Kikubaaqudgha.
             Killed from afar by Ijyb (15 damage)
             ... with a bolt of acid
             ... on level 5 of the Dungeon.
             The game lasted 00:07:08 (4341 turns).

Malachi the Digger (Gnoll Earth Elementalist)       Turns: 4341, Time: 00:07:08

Health: -3/44      AC:  5    Str:  8    XL:     6   Next: 83%
Magic:  12/14      EV: 13    Int: 16    God:    Kikubaaqudgha [......]
Gold:   232        SH:  0    Dex: 12    Spells: 10/16 levels left

rFire   . . .      SeeInvis .   n - +3 quarterstaff (chaos)
rCold   . . .      Faith    .   (shield currently unavailable)
rNeg    . . .      Spirit   .   m - +2 robe
rPois   .          Reflect  .   (no helmet)
rElec   .          Harm     .   o - +0 cloak
rCorr   .          Rampage  .   (no gloves)
Will    +....                   (no boots)
Stlth   +++.......              (no amulet)
HPRegen 0.14/turn               l - ring of willpower
MPRegen 0.14/turn               (no ring)

@: hasted, very quick
A: fangs 1, strong nose, distributed training
a: Renounce Religion


You were on level 5 of the Dungeon.
You worshipped Kikubaaqudgha.
Kikubaaqudgha was noncommittal.
You visited 2 branches of the dungeon, and saw 6 of its levels.

You collected 232 gold pieces.

Inventory:

Hand Weapons
 n - a +3 quarterstaff of chaos (weapon)
Missiles
 i - 3 poisoned darts
 u - 4 silver javelins
Armour
 c - +0 gold dragon scales
 m - a +2 robe (worn)
 o - a +0 cloak (worn)
Jewellery
 l - a ring of willpower (left hand)
Scrolls
 d - 2 scrolls of fog
 e - 2 scrolls of brand weapon
 g - 2 scrolls of teleportation
 q - a scroll of acquirement {unknown}
 r - 2 scrolls of magic mapping
 t - 2 scrolls of immolation
Potions
 a - a potion of ambrosia {unknown}
 b - a potion of magic
 f - 2 potions of brilliance {unknown}
 h - a potion of might {unknown}
 j - 2 potions of curing {unknown}
 k - 3 potions of attraction {unknown}
 p - a potion of haste
 s - 3 potions of flight {unknown}
 w - a potion of heal wounds {unknown}
 x - a potion of cancellation {unknown}


   Skills:
 + Level 2.2 Fighting
 + Level 2.2 Short Blades
 + Level 2.2 Long Blades
 + Level 2.2 Axes
 + Level 2.2 Maces & Flails
 + Level 2.2 Polearms
 + Level 2.2 Staves
 + Level 2.2 Ranged Weapons
 + Level 2.2 Throwing
 + Level 2.2 Armour
 + Level 5.1 Dodging
 + Level 4.7 Stealth
 + Level 2.2 Shields
 + Level 2.2 Unarmed Combat
 + Level 5.5 Spellcasting
 + Level 1.8 Conjurations
 + Level 1.8 Hexes
 + Level 1.8 Summonings
 + Level 1.8 Necromancy
 + Level 1.8 Translocations
 + Level 2.8 Transmutations
 + Level 1.8 Fire Magic
 + Level 1.8 Ice Magic
 + Level 1.8 Air Magic
 + Level 5.7 Earth Magic
 + Level 1.8 Poison Magic
 + Level 2.4 Invocations
 + Level 2.2 Evocations


You had 10 spell levels left.
You knew the following spells:

 Your Spells              Type           Power      Damage    Failure   Level
a - Sandblast             Erth           44%        2d11      1%          1
b - Passwall              Tmut/Erth      15%        N/A       3%          2
c - Stone Arrow           Conj/Erth      32%        3d9       10%         3

Your spell library contained the following spells:

 Spells                   Type           Power      Damage    Failure   Level
 Freeze                   Ice            40%        1d6       7%          1
 Necrotise                Necr           40%        1d6       7%          1
 Sublimation of Blood     Necr           10%        N/A       11%         2
 Frozen Ramparts          Ice            20%        1d4       21%         3
 Petrify                  Tmut/Erth      18%        N/A       24%         4
 Ice Form                 Ice/Tmut       11%        N/A       50%         4
 Airstrike                Air            5%         0-3+      56%         4
 Corpse Rot               Necr/Pois/Air  10%        N/A       56%         4
 Hailstorm                Conj/Ice       10%        3d5       56%         4
 Iskenderun's Mystic Bla  Conj/Tloc      10%        2d4       56%         4
 Olgreb's Toxic Radiance  Pois           10%        N/A       56%         4
 Summon Lightning Spire   Summ/Air       10%        N/A       56%         4
 Lightning Bolt           Conj/Air       5%         1d17      88%         5
 Simulacrum               Ice/Necr       5%         N/A       100%        6
 Ozocubu's Refrigeration  Ice            5%         4d6       100%        7
 Disjunction              Tloc           5%         N/A       100%        8
 Ignition                 Fire           5%         3d4       100%        8


Dungeon Overview and Level Annotations

Branches:
Dungeon (5/15)             Temple (1/1) D:4

Altars:
Ashenzari
Cheibriados
Dithmenos
Fedhas
Gozag
Kikubaaqudgha
Makhleb
Ru
Sif Muna
Uskayaw
Vehumet
Wu Jian
Yredelemnul
Zin

Annotations:
D:5 Ijyb


Innate Abilities, Weirdness & Mutations

You have very sharp teeth.
Your uncanny sense of smell can sniff out nearby items.
Your experience applies equally to all skills.


Message History

Aim: a kobold brigand, wielding a +0 dagger and quivering poisoned darts (heavily wounded, 76% to hit)
The blast of sand hits the kobold brigand!
The kobold brigand is almost dead.
Ijyb hits you but does no damage. The kobold brigand misses you.
The kobold brigand hits you with a +0 dagger.
Ijyb hits you with a +0 club.
Aiming: Sandblast (safe; 1% risk of failure)
Press: ? - help, Q - select action, (/) - cycle Shift-Dir - straight line, f/p - kobold brigand
Aim: a kobold brigand, wielding a +0 dagger and quivering poisoned darts (almost dead, 76% to hit)
The blast of sand hits the kobold brigand!
You kill the kobold brigand!
Kikubaaqudgha accepts your kill. Ijyb hits you with a +0 club.
The kobold barely misses you.
Ijyb zaps a wand.
The bolt of acid misses you. Ijyb attacks as you move away!
Ijyb closely misses you. Ijyb screams, "Me stronger than you!"
Ijyb zaps a wand.
The bolt of acid misses you. The kobold attacks as you move away!
The kobold misses you.
You sock the kobold!
You feel better.
You kill the kobold!
Kikubaaqudgha accepts your kill.
You closely miss Ijyb. Ijyb screams, "Me kill you!" Ijyb completely misses you.
You closely miss Ijyb. Ijyb barely misses you.
You hit Ijyb. You freeze Ijyb.
Ijyb is moderately wounded.
Ijyb closely misses you.
You closely miss Ijyb.
Ijyb is moderately wounded.
Ijyb hits you with a +0 club. Ijyb closely misses you.
You closely miss Ijyb.
Ijyb is moderately wounded.
Ijyb zaps a wand.
The bolt of acid hits you! The worm bites you.
* * * LOW HITPOINT WARNING * * *
You are too injured to fight recklessly!
Okay, then.
You feel yourself speed up.
Ijyb zaps a wand.
The bolt of acid hits you!
You die...
Kikubaaqudgha rasps: "You have failed me!
Welcome... death!"

#.......# ###
#.......# #<#
#.......# ##'######
#.......# #.......#
####.......# #.......+
...........# #.......#
...........# #.......#
......))...###.......#
.......###..g@.......#
....... #..w........#
....... #...........#
....... #####.......#
....... #######..
......$ .. ....?..


You could see Ijyb and a worm.

Vanquished Creatures
  A kobold brigand (D:5)
  A howler monkey (D:4)
  Crazy Yiuf (D:2)
  A jelly (D:4)
  Jessica (D:2)
  3 iguanas (D:4)
  5 adders
  A gnoll (D:1)
  2 worms
  2 dart slugs
  3 orcs (D:4)
  5 ball pythons
  3 endoplasms
  2 giant cockroaches
  5 goblins
  9 hobgoblins
  3 jackals (D:3)
  4 quokkas
  2 bats
  6 frilled lizards
  5 kobolds
  3 rats
68 creatures vanquished.

Notes
Turn   | Place    | Note
-------+----------+-------------------------------------------
     0 | D:1      | Malachi the Gnoll Earth Elementalist began the quest for
                  | the Orb.
     0 | D:1      | Reached XP level 1. HP: 13/13 MP: 6/6
   189 | D:1      | Reached XP level 2. HP: 19/19 MP: 5/7
   656 | D:1      | Reached skill level 5 in Spellcasting
   656 | D:1      | Reached XP level 3. HP: 16/25 MP: 3/9
   908 | D:1      | Learned a level 2 spell: Passwall
   912 | D:1      | Learned a level 3 spell: Stone Arrow
  1012 | D:2      | Got the Incunabulum of Dark Displacement
  1014 | D:2      | Reached skill level 1 in Invocations
  1167 | D:2      | Reached skill level 1 in Fighting
  1167 | D:2      | Reached skill level 1 in Short Blades
  1167 | D:2      | Reached skill level 1 in Long Blades
  1167 | D:2      | Reached skill level 1 in Axes
  1167 | D:2      | Reached skill level 1 in Maces & Flails
  1167 | D:2      | Reached skill level 1 in Polearms
  1167 | D:2      | Reached skill level 1 in Staves
  1167 | D:2      | Reached skill level 1 in Ranged Weapons
  1167 | D:2      | Reached skill level 1 in Throwing
  1167 | D:2      | Reached skill level 1 in Armour
  1167 | D:2      | Reached skill level 1 in Shields
  1167 | D:2      | Reached skill level 1 in Unarmed Combat
  1167 | D:2      | Reached skill level 1 in Evocations
  1291 | D:2      | Found a runed translucent door.
  1292 | D:2      | Noticed Crazy Yiuf
  1434 | D:2      | Reached XP level 4. HP: 32/32 MP: 9/11
  1525 | D:2      | Noticed Jessica
  1530 | D:2      | Killed Jessica
  1531 | D:2      | Reached skill level 1 in Conjurations
  1531 | D:2      | Reached skill level 1 in Hexes
  1531 | D:2      | Reached skill level 1 in Summonings
  1531 | D:2      | Reached skill level 1 in Necromancy
  1531 | D:2      | Reached skill level 1 in Translocations
  1531 | D:2      | Reached skill level 1 in Fire Magic
  1531 | D:2      | Reached skill level 1 in Ice Magic
  1531 | D:2      | Reached skill level 1 in Air Magic
  1531 | D:2      | Reached skill level 1 in Poison Magic
  1741 | D:2      | Killed Crazy Yiuf
  1742 | D:2      | Reached XP level 5. HP: 37/37 MP: 9/12
  2664 | D:3      | Found an ancient bone altar of Kikubaaqudgha.
  2664 | D:3      | Found a faded altar of an unknown god.
  2672 | D:3      | Found a glowing silver altar of Zin.
  2674 | D:3      | Found a snail-covered altar of Cheibriados.
  2676 | D:3      | Found an opulent altar of Gozag.
  2772 | D:3      | Found a faded altar of an unknown god.
  3126 | D:3      | Became a worshipper of Kikubaaqudgha
  3270 | D:4      | Found a staircase to the Ecumenical Temple.
  3357 | D:4      | Reached XP level 6. HP: 44/44 MP: 10/13
  3422 | D:4      | Reached skill level 5 in Dodging
  4079 | Temple   | Entered the Ecumenical Temple
  4296 | D:5      | Entered Level 5 of the Dungeon
  4323 | D:5      | Noticed Ijyb
  4341 | D:5      | Killed from afar by Ijyb

Illustrated notes

Levels and vault maps discovered:
D:1:      sevenhm_arrival_forest_fort_large_2, layout_basic,
          nicolae_concentric_dashed_squares_wild
D:2:      layout_rooms, uniq_crazy_yiuf_cottage, uniq_jessica
D:3:      layout_basic, chequers_temple_overflow_minitemple,
          serial_co_window_serial, co_window_paths_a,
          co_window_of_opportunity_a, co_window_paths_b, co_window_corner_a,
          co_window_of_opportunity_a, co_window_of_opportunity_a,
          co_window_paths_b, co_window_paths_b, co_window_paths_a,
          co_window_corner_cb, co_window_of_opportunity_b, co_window_broadway_b,
          co_window_of_opportunity_c, co_window_unsneaky_path_a,
          co_window_2corner, co_window_4corner_b, glass_columns_c,
          glass_columns_b, shapermc_ecumenical_altar_hornbeckon
D:4:      layout_gridville, minmay_temple_entry_butterflies,
          hangedman_minor_gate_pass
D:5:      layout_basic, dreamdust_princess_corridor, kennysheep_diamond,
          kennysheep_nondescript, uniq_ijyb, uniq_duvessa
Temple:   dpeg_chambers_temple

Skill      XL: |  1  2  3  4  5  6 |
---------------+-------------------+-----
Transmutations | 2 |  2.8
Spellcasting   | 5 |  5.5
Invocations    | 1 2 |  2.4
Fighting       | 1 2 |  2.2
Short Blades   | 1 2 |  2.2
Long Blades    | 1 2 |  2.2
Axes           | 1 2 |  2.2
Maces & Flails | 1 2 |  2.2
Polearms       | 1 2 |  2.2
Staves         | 1 2 |  2.2
Ranged Weapons | 1 2 |  2.2
Throwing       | 1 2 |  2.2
Armour         | 1 2 |  2.2
Shields        | 1 2 |  2.2
Unarmed Combat | 1 2 |  2.2
Evocations     | 1 2 |  2.2
Conjurations   | 1 |  1.8
Hexes          | 1 |  1.8
Summonings     | 1 |  1.8
Necromancy     | 1 |  1.8
Translocations | 1 |  1.8
Fire Magic     | 1 |  1.8
Ice Magic      | 1 |  1.8
Air Magic      | 1 |  1.8
Poison Magic   | 1 |  1.8
Dodging        | 5 |  5.1
Stealth        | |  4.7
Earth Magic    | |  5.7

Action                   |  1- 3 |  4- 6 || total
-------------------------+-------+-------++-------
Melee: Quarterstaff      |       |    47 ||    47
       Bite              |       |     8 ||     8
 Cast: Sandblast         |    42 |    50 ||    92
  Use: Scroll            |       |     6 ||     6
       Potion            |       |     1 ||     1
 Stab: Distracted        |       |     1 ||     1
       Paralysed         |       |     1 ||     1
       Sleeping          |       |     1 ||     1
Armor: Robe              |       |    12 ||    12
Dodge: Dodged            |    15 |    61 ||    76

Table legend: (Time is in decaauts)
 A = Elapsed time spent in this place.
 B = Non-inter-level travel time spent in this place.
 C = Inter-level travel time spent in this place.
 D = Time resting spent in this place.
 E = Time spent auto-exploring this place.
 F = Levels seen in this place.
 G = Mean time per level.
                   A        B        C        D        E       F      G
               +--------+--------+--------+--------+--------+-----+--------+
         Total |   4450 |   4113 |    337 |     45 |   3381 |   6 |  741.7 |
       Dungeon |   4244 |   3917 |    327 |     45 |   3195 |   5 |  848.8 |
        Temple |    205 |    195 |     10 |      0 |    186 |   1 |  205.0 |
               +--------+--------+--------+--------+--------+-----+--------+

Top non-repeatable levels by time:
     D:3: 1516 daAuts
     D:1: 1034 daAuts
     D:4: 850 daAuts
     D:2: 792 daAuts
  Temple: 205 daAuts
     D:5: 51 daAuts
